AoeStats
← Rafaelbdoo

Arena

505979533Analyzed
1v1 RM · 22d ago on Sep 11, 2026· 68m 37s· 2 players
Game mode
Random Map
Map size
Tiny (2 player)
Population
200
Speed
Normal
Resources
Standard
Victory
Conquest
Starting age
Dark Age
Ending age
Imperial Age
RankedLock teamsTeams togetherTeam positionsShared explorationLock speedFull tech treeHidden civsTurbo modeCheats
Victory
Defeat
🇧🇷 Slavs · Brazil
600
+18
🇺🇸 Romans · United States
637
-18
Rafaelbdoo
12:06 Feudal Age
13:00 Double-Bit Axe
14:38 Horse Collar
21:26 Castle Age
20:13 Forging
20:09 Stone Mining
21:55 Scale Mail Armor
22:52 Bow Saw
23:26 Iron Casting
23:32 Light Cavalry
27:45 Pikeman
29:24 Bloodlines
31:02 Detinets
35:21 Chain Mail Armor
37:45 Imperial Age
35:20 Squires
37:10 Scale Barding Armor
39:35 Conscription
39:23 Gold Mining
39:14 Halberdier
40:00 Husbandry
41:20 Hoardings
44:21 Heavy Plow
44:29 Elite Boyar
45:14 Druzhina
46:26 Murder Holes
46:42 Masonry
46:15 Onager
46:42 Crossbowman
46:44 Heavy Cavalry Archer
48:40 Wheelbarrow
47:52 Loom
47:56 Town Watch
49:39 Gold Shaft Mining
49:57 Hand Cart
49:45 Town Patrol
51:39 Two-Man Saw
53:35 Ballistics
54:06 Druzhina
55:25 Crop Rotation
55:59 Blast Furnace
55:15 Chain Mail Armor
55:22 Chain Barding Armor
56:12 Chemistry
55:25 Siege Engineers
56:33 Padded Archer Armor
56:11 Hussar
57:21 Fortified Wall
57:20 Devotion
57:12 Siege Onager
57:17 Heavy Scorpion
58:03 Fletching
58:16 Padded Archer Armor
58:51 Plate Mail Armor
59:00 Bodkin Arrow
59:23 Leather Archer Armor
59:47 Plate Barding Armor
58:50 Sappers
59:32 Capped Ram
60:55 Ring Archer Armor
61:32 Cavalier
62:00 Elite Skirmisher
62:04 Man-at-Arms
62:08 Siege Ram
Royal_Redness
10:37 Loom
13:09 Feudal Age
13:56 Gold Mining
13:55 Double-Bit Axe
13:52 Horse Collar
14:36 Stone Mining
21:21 Forging
21:11 Scale Mail Armor
22:34 Wheelbarrow
23:16 Town Watch
26:04 Castle Age
24:35 Man-at-Arms
27:44 Long Swordsman
28:25 Squires
36:43 Imperial Age
34:29 Hand Cart
35:04 Pikeman
36:35 Ballistas
37:27 Heavy Plow
37:41 Bow Saw
38:09 Gold Shaft Mining
37:06 Legionary
37:54 Heavy Scorpion
39:39 Conscription
39:55 Siege Engineers
41:54 Comitatenses
42:02 Ballistics
42:43 Chemistry
42:17 Halberdier
43:35 Iron Casting
43:15 Chain Mail Armor
43:17 Masonry
44:34 Fortified Wall
54:47 Blast Furnace
53:37 Fletching
53:48 Padded Archer Armor
54:01 Guilds
54:24 Architecture
55:22 Bloodlines
55:13 Husbandry
54:33 Light Cavalry
57:55 Bodkin Arrow
58:15 Leather Archer Armor
57:26 Elite Skirmisher
60:03 Ring Archer Armor
Connection lost

Rejoining the realm…

Still unreachable

The connection could not be restored.

Session expired

The server has moved on; the page needs a fresh start.